 Dungeon Crawl Stone Soup version 0.24-a0-520-g8fd06ad0bc (webtiles) character file.

Game seed: 5416403713650595594

835 nikopol the Cleaver (level 7, -4/91 HPs)
             Began as a Minotaur Berserker on July 23, 2019.
             Was an Elder of Trog.
             Slain by an ogre
             ... wielding a +0 giant club
              (19 damage)
             ... on level 4 of the Dungeon.
             The game lasted 00:06:15 (3899 turns).

nikopol the Cleaver (Minotaur Berserker)            Turns: 3899, Time: 00:06:16

Health: -4/91      AC:  9    Str: 28    XL:     7   Next: 66%
Magic:  6/6        EV: 12    Int:  4    God:    Trog [****..]
Gold:   91         SH:  0    Dex: 10    Spells: 6/6 levels left

rFire    . . .     SeeInvis .   a - +1 hand axe
rCold    . . .     Gourm    .   (no shield)
rNeg     . . .     Faith    .   i - +0 ring mail
rPois    .         Spirit   .   (helmet restricted)
rElec    .         Reflect  .   x - +1 cloak
rCorr    +         Harm     .   (no gloves)
MR       .....                  p - +0 pair of boots
Stlth    ..........             (no amulet)
HPRegen  0.25/turn              j - ring of resist corrosion
MPRegen  0.10/turn              (no ring)

@: berserking, very quick
A: retaliatory headbutt, horns 2
a: Berserk, Trog's Hand, Brothers in Arms, Renounce Religion


You were on level 4 of the Dungeon.
You worshipped Trog.
Trog was greatly pleased with you.
You were hungry.

You visited 1 branch of the dungeon, and saw 4 of its levels.
You also visited: Sewer.

You collected 91 gold pieces.

Inventory:

Hand Weapons
 a - a +1 hand axe (weapon)
Missiles
 e - 56 arrows
Armour
 b - a +0 animal skin
 i - a +0 ring mail (worn)
 p - a +0 pair of boots (worn)
 x - a +1 cloak (worn)
Jewellery
 j - a ring of resist corrosion (left hand)
Wands
 A - a wand of acid (7)
Scrolls
 d - 2 scrolls of remove curse
 h - 2 scrolls of fog
 q - 6 scrolls of blinking
 r - a scroll of fear {unknown}
 s - a scroll of magic mapping {unknown}
 u - 2 scrolls of identify
 v - a scroll of teleportation
 w - a scroll of amnesia {unknown}
 y - a scroll of enchant armour {unknown}
Potions
 f - 3 potions of brilliance
 g - 2 potions of heal wounds
 k - a potion of resistance {unknown}
 l - a potion of haste
 m - 3 potions of curing
 n - 2 potions of might
 o - a potion of cancellation {unknown}
 t - a potion of berserk rage {unknown}
Comestibles
 c - 7 rations


   Skills:
 + Level 5.4 Fighting
 + Level 8.1 Axes
 + Level 5.0 Armour
 + Level 3.9 Dodging
 + Level 1.2 Stealth


You had 6 spell levels left.
You didn't know any spells.
Your spell library was empty.

Dungeon Overview and Level Annotations

Branches:
Dungeon (4/15)
 Temple: D:4-7

Altars:
Fedhas
Kikubaaqudgha


Innate Abilities, Weirdness & Mutations

You reflexively headbutt those who attack you in melee.
You have a pair of horns on your head.


Message History

Trog accepts your kill.
No target in view!
c - 7 rations (gained 1)
An ogre comes into view. It is wielding a +0 giant club.
The ogre shouts!
An ogre is nearby!
The ogre hits you with a +0 giant club!
You hit the ogre.
The ogre is lightly wounded.
You completely miss the ogre.
The ogre is lightly wounded.
The ogre hits you with a +0 giant club!!
* * * LOW HITPOINT WARNING * * *
You are too injured to fight recklessly!
You are too injured to fight recklessly!
A red film seems to cover your vision as you go berserk!
You feel yourself moving faster!
You feel mighty!
You are feeling hungry.
The ogre hits you with a +0 giant club!!
You die...

##>..###
###### ## ###
.## #... ##
..### #..#
.####
....#####..#
......
...........#
#...#
.........##
###O...#
.........#
##.@^#
#####....#
##..###
#..#.####..##
#.##..##..##
#.###....##
#.# #...##
#.# ##.## #.#
..# #. ..##


You could see an ogre.

Vanquished Creatures
  Grinder (D:3)
  2 bullfrogs (Sewer)
  2 scorpions (D:4)
  Crazy Yiuf (D:3)
  An orc wizard (D:3)
  2 iguanas (D:4)
  A worker ant (D:4)
  Robin (D:2)
  A gnoll (D:1)
  9 adders
  5 river rats (Sewer)
  An ooze (Sewer)
  An adder skeleton (D:4)
  A worm (D:3)
  3 dart slugs
  8 orcs
  6 giant cockroaches
  17 goblins
  10 hobgoblins
  4 jackals (D:2)
  10 kobolds
  2 quokkas
  13 ball pythons
  4 bats
  5 frilled lizards
  28 rats
139 creatures vanquished.

Notes
Turn   | Place    | Note
-------+----------+-------------------------------------------
     0 | D:1      | nikopol the Minotaur Berserker began the quest for the Orb.
     0 | D:1      | Reached XP level 1. HP: 19/19 MP: 0/0
   133 | D:1      | Reached XP level 2. HP: 27/27 MP: 1/1
   227 | D:1      | Reached skill level 4 in Axes
   775 | D:1      | Reached XP level 3. HP: 19/34 MP: 2/2
   951 | D:2      | Reached ** piety under Trog
  1271 | D:2      | Noticed Robin
  1284 | D:2      | Killed Robin
  1284 | D:2      | Reached XP level 4. HP: 39/41 MP: 3/3
  1292 | D:2      | Reached skill level 5 in Axes
  1412 | D:2      | Found a faded altar of an unknown god.
  2032 | D:3      | Found a blossoming altar of Fedhas.
  2033 | D:3      | Found an ancient bone altar of Kikubaaqudgha.
  2091 | D:3      | Found a glowing drain.
  2109 | Sewer    | Entered a sewer
  2176 | Sewer    | Reached *** piety under Trog
  2182 | Sewer    | Reached XP level 5. HP: 43/47 MP: 4/4
  2452 | Sewer    | Reached skill level 6 in Axes
  2452 | Sewer    | Reached skill level 1 in Stealth
  2452 | Sewer    | Reached XP level 6. HP: 34/53 MP: 5/5
  2752 | D:3      | Noticed Grinder
  2755 | D:3      | Paralysed by Grinder for 3 turns
  2771 | D:3      | Killed Grinder
  2771 | D:3      | Reached skill level 5 in Fighting
  2771 | D:3      | Reached skill level 7 in Axes
  2771 | D:3      | Reached XP level 7. HP: 61/61 MP: 6/6
  2853 | D:3      | Reached **** piety under Trog
  3313 | D:3      | Found a runed translucent door.
  3314 | D:3      | Noticed Crazy Yiuf
  3325 | D:3      | Killed Crazy Yiuf
  3849 | D:4      | Reached skill level 8 in Axes
  3849 | D:4      | Reached skill level 5 in Armour
  3899 | D:4      | Slain by an ogre

Levels and vault maps discovered:
D:1:      nzn_arrival_crosshair, layout_basic
D:2:      layout_basic, chequers_ecumenical_altar_grove, minmay_pentomino_p2,
          uniq_robin
D:3:      layout_loops_cross, grunt_temple_overflow_growth_and_decay,
          portal_sewer_entry_d, uniq_grinder, uniq_crazy_yiuf_cottage
D:4:      layout_layer_cave, first_ration, minmay_misc_feat_nine_boxes

Skill      XL: |  1  2  3  4  5  6  7 |
---------------+----------------------+-----
Fighting       | 4 5 |  5.4
Axes           | 4 5 6 7 8 |  8.1
Armour         | 3 4 5 |  5.0
Dodging        | 3 |  3.9
Stealth        | 1 |  1.2

Action                   |  1- 3 |  4- 6 |  7- 9 || total
-------------------------+-------+-------+-------++-------
Melee: Hand axe          |    75 |   121 |    89 ||   285
       Headbutt          |    11 |    13 |    17 ||    41
Invok: Berserk           |       |     1 |     2 ||     3
  Use: Scroll            |       |    11 |       ||    11
  Eat: Chunk             |     1 |     5 |     6 ||    12
Armor: Animal skin       |     5 |       |       ||     5
       Ring mail         |    10 |    51 |    32 ||    93
Dodge: Dodged            |    42 |    74 |    35 ||   151

Table legend:
 A = Non-vault XP
 B = Vault XP
 C = Vault XP percentage of total XP
 D = Non-vault monster count
 E = Vault monster count
 F = Vault count percentage of total count
                 A         B        C        D         E       F
            +---------+---------+-------+---------+---------+-------
      Total |     490 |     704 |  59.0 |      74 |      65 |  46.8
            +---------+---------+-------+---------+---------+-------
        D:1 |      49 |       0 |   0.0 |      19 |       0 |   0.0
        D:2 |      58 |      37 |  38.9 |      21 |      14 |  40.0
        D:3 |      79 |     338 |  81.1 |      19 |       3 |  13.6
        D:4 |     304 |       0 |   0.0 |      15 |       0 |   0.0
      Sewer |       0 |     329 | 100.0 |       0 |      48 | 100.0
            +---------+---------+-------+---------+---------+-------
